 Dungeon Crawl Stone Soup version 0.29.0-10-g45618ea6d2 (webtiles) character file.

Game seed: 5682531258098379559

20 SensoryNuts the Trooper (level 2, -1/24 HPs)
             Began as a Demonspawn Fighter on Sept 2, 2022.
             Slain by a gnoll
             ... wielding a +0 flail
              (4 damage)
             ... on level 1 of the Dungeon.
             The game lasted 00:00:22 (571 turns).

SensoryNuts the Trooper (Demonspawn Fighter)         Turns: 571, Time: 00:00:23

Health: -1/24      AC:  6    Str: 16    XL:     2   Next: 58%
Magic:  2/2        EV:  8    Int:  9    God:
Gold:   45         SH:  4    Dex: 12    Spells: 1/1 levels left

rFire   . . .      SeeInvis .   a - +0 long sword
rCold   . . .      Faith    .   c - +0 buckler
rNeg    . . .      Spirit   .   b - +0 scale mail
rPois   .          Reflect  .   (helmet restricted)
rElec   .          Harm     .   (no cloak)
rCorr   .          Rampage  .   (no gloves)
Will    .....                   (no boots)
Stlth   ..........              (no amulet)
HPRegen 0.08/turn               (no ring)
MPRegen 0.08/turn               (no ring)

@: mighty
A: horns 1
a: no special abilities


You were on level 1 of the Dungeon.
You visited 1 branch of the dungeon, and saw 1 of its levels.

You collected 45 gold pieces.

Inventory:

Hand Weapons
 a - a +0 long sword (weapon)
Armour
 b - a +0 scale mail (worn)
 c - a +0 buckler (worn)
Scrolls
 f - a scroll of blinking {unknown}
 g - a scroll of enchant weapon {unknown}
 h - a scroll of identify {unknown}
Potions
 e - a potion of haste {unknown}
 i - 2 potions of brilliance {unknown}


   Skills:
 + Level 3.0 Fighting
 * Level 2.3 Long Blades
 + Level 2.9 Armour
 + Level 3.0 Shields


You had one spell level left.
You didn't know any spells.
Your spell library was empty.

Dungeon Overview and Level Annotations

Branches:
Dungeon (1/15)

Altars:


Innate Abilities, Weirdness & Mutations

You have a pair of small horns on your head.


Message History

You hit the goblin.
You kill the goblin!
Found a stone staircase leading down.
Things that are here:
a +0 club; 2 puce potions You hit the dart slug.
The dart slug is heavily wounded.
The dart slug bites you but does no damage.
You slash the dart slug!
You kill the dart slug!
Your Shields skill increases to level 3!
No target in view!
No target in view!
i - 2 puce potions You see here a +0 club.
You now have 45 gold pieces (gained 13).
There is a stone staircase leading down here.
There is a stone staircase leading down here.
A gnoll, a kobold and 2 endoplasms come into view.
The kobold shouts!
The endoplasm quivers. x2
There are monsters nearby!
The gnoll barely misses you.
You barely miss the gnoll. The gnoll barely misses you. The kobold misses you.
You hit the gnoll.
The gnoll is heavily wounded.
The gnoll hits you with a +0 flail! The kobold hits you but does no damage.
You hit the gnoll.
The gnoll is almost dead.
The gnoll hits you with a +0 flail.
* * * LOW HITPOINT WARNING * * *
The kobold hits you with a +0 club.
* * * LOW HITPOINT WARNING * * *
You block the gnoll's attack. The kobold completely misses you.
You feel very mighty all of a sudden. The gnoll closely misses you.
The kobold closely misses you.
You closely miss the gnoll. Your headbutt misses the gnoll.
The gnoll is almost dead.
The gnoll hits you with a +0 flail.
You die...

####.##.#.##.#####. ...
###......##....... #..
..####.#.##.###### ##.#.
#.# #......# ### .....
#.# ###.#### #.. ......#
#...# #.# #..#..#.#
#...# #.. #....JgK#
#...# #.#
#@#####...######.#
..##.#.#...........##..
#..J....................
###.#####...........##.#
###.#....#####..
#.#....# ### #.#....# #
#.#....# #####
#.##.#.###...#


You could see a gnoll, an endoplasm and a kobold.

Vanquished Creatures
  2 dart slugs (D:1)
  2 endoplasms (D:1)
  A giant cockroach (D:1)
  2 goblins (D:1)
  2 jackals (D:1)
  2 ball pythons (D:1)
  A frilled lizard (D:1)
  2 kobolds (D:1)
  A rat (D:1)
15 creatures vanquished.

Notes
Turn   | Place    | Note
-------+----------+-------------------------------------------
     0 | D:1      | SensoryNuts the Demonspawn Fighter began the quest for the
                  | Orb.
     0 | D:1      | Reached XP level 1. HP: 18/18 MP: 1/1
   291 | D:1      | Gained mutation: You have a pair of small horns on your
                  | head. [demonic ancestry]
   291 | D:1      | Reached XP level 2. HP: 21/24 MP: 2/2
   571 | D:1      | Slain by a gnoll

Illustrated notes

Levels and vault maps discovered:
D:1:      minmay_arrival_solitary_statue, layout_loops_cross

Skill      XL: |  1  2 |
---------------+-------+-----
Long Blades    | 2 |  2.3
Shields        | 3 |  3.0
Fighting       | |  3.0
Armour         | |  2.9

Action                   || total
-------------------------++-------
Melee: Long sword        ||    47
       Headbutt          ||     3
  Use: Potion            ||     1
Armor: Scale mail        ||    19
Dodge: Dodged            ||    26
Block: Buckler           ||    13
